 Dungeon Crawl Stone Soup version 0.30.1-11-g7821555f0a (webtiles) character file.

Game seed: 3063575946429313751

211 Cheops the Conjurer (level 5, 0/31 HPs)
             Began as an Octopode Conjurer on Dec 3, 2023.
             Slain by a sky beast (3 damage)
             ... on level 4 of the Dungeon.
             The game lasted 00:09:34 (3957 turns).

Cheops the Conjurer (Octopode Conjurer)             Turns: 3957, Time: 00:09:35

Health: 0/31       AC:  1    Str: 12    XL:     5   Next: 88%
Magic:  0/9        EV: 13    Int: 20    God:
Gold:   150        SH:  0    Dex: 13    Spells: 0/10 levels left

rFire   . . .        (no weapon)
rCold   + . .        (no shield)
rNeg    . . .        (helmet restricted)
rPois   .            (no amulet)
rElec   .            b - ring of protection from cold
rCorr   .            g - +6 ring of strength
SInv    .            (no ring)
Will    .....        (no ring)
Stlth   +++          (no ring)
HPRegen 0.25/turn    (no ring)
MPRegen 0.11/turn    (no ring)
                     (no ring)

%: no passive effects
@: no status effects
A: almost no armour, amphibious, 8 rings, camouflage 1, gelatinous body 1,
(nimble swimmer 1), tentacles
a: no special abilities


You were on level 4 of the Dungeon.
You visited 1 branch of the dungeon, and saw 5 of its levels.

You collected 150 gold pieces.

Inventory:

Jewellery
 b - a ring of protection from cold (left tentacle)
 g - a +6 ring of strength (right tentacle)
Scrolls
 c - a scroll of acquirement
 d - a scroll of fear
 e - a scroll of torment
 h - 2 scrolls of amnesia {unknown}
 k - 2 scrolls of teleportation
 o - a scroll of enchant weapon
Potions
 a - 2 potions of magic
 f - a potion of resistance {unknown}
 i - a potion of lignification {unknown}
 j - 2 potions of haste {unknown}
 l - a potion of flight {unknown}
 m - a potion of degeneration {unknown}
 n - a potion of brilliance {unknown}
 p - a potion of might {unknown}
 q - 2 potions of mutation {unknown}
 r - a potion of ambrosia {unknown}
 s - a potion of curing {unknown}


   Skills:
 - Level 2.0 Dodging
 - Level 2.7 Stealth
 - Level 3.0 Spellcasting
 - Level 5.0 Conjurations
 + Level 2.0 Translocations
 - Level 3.0 Air Magic


You couldn't memorise any spells.
You knew the following spells:

 Your Spells              Type           Power      Damage    Failure   Level
a - Magic Dart            Conj           92%        1d7       1%          1
b - Searing Ray           Conj           46%        2d6       2%          2
i - Iskenderun's Mystic   Conj/Tloc      17%        2d5       32%         4
s - Swiftness             Air            15%        N/A       12%         3

Your spell library contained the following spells:

 Spells                   Type           Power      Damage    Failure   Level
 Shock                    Conj/Air       76%        1d7       2%          1
 Dazzling Flash           Conj/Hex       26%        N/A       16%         3
 Ensorcelled Hibernation  Hex/Ice        6%         N/A       22%         2
 Passwall                 Tmut/Erth      2%         N/A       22%         2
 Airstrike                Air            7%         2d(2-18)  38%         4
 Fulminant Prism          Conj/Hex       6%         3d7       45%         4
 Leda's Liquefaction      Hex/Erth       1%         N/A       80%         4
 Lee's Rapid Deconstruct  Erth           1%         3d4*      98%         5
 Conjure Ball Lightning   Conj/Air       9%         3x3d6     99%         6
 Statue Form              Tmut/Erth      2%         N/A       100%        6
 Discord                  Hex            1%         N/A       100%        8
 Disjunction              Tloc           5%         N/A       100%        8


Dungeon Overview and Level Annotations

Branches:
Dungeon (5/15)             Temple (0/1) D:5

Altars:
Cheibriados
Trog

Annotations:
D:4 sky beast


Innate Abilities, Weirdness & Mutations

You cannot wear most types of armour.
You are amphibious.
You can wear up to eight rings at the same time.
Your skin changes colour to match your surroundings (Stealth+).
Your rubbery body absorbs attacks. (AC +1, EV +1)
((You are camouflaged when in or above water. (Stealth+)))
You have tentacles for arms and can constrict up to eight enemies at once.


Message History

The searing ray hits the sky beast!
The sky beast is almost dead.
The searing ray misses the sky beast.
You finish channelling your searing ray.
The sky beast barely misses you.
Casting: Searing Ray (safe; 2% risk of failure)
Confirm with . or Enter, or press ? or * to list all spells.
Aiming: Searing Ray (safe; 2% risk of failure)
Press: ? - help, Shift-Dir - straight line, f/p - sky beast
Aim: a sky beast (almost dead, 69% to hit)
The searing ray misses the sky beast. (Press . to maintain the ray.)
The sky beast hits you. The sky beast shocks you.
Without enough magic to sustain it, your searing ray dissipates.
The sky beast hits you. The sky beast shocks you.
* * * LOW HITPOINT WARNING * * *
You tentacle-slap the sky beast but do no damage.
You squeeze the sky beast, but do no damage.
The sky beast is almost dead.
The sky beast hits you.
* * * LOW HITPOINT WARNING * * *
The sky beast shocks you.
* * * LOW HITPOINT WARNING * * *
You tentacle-slap the sky beast but do no damage.
The sky beast is almost dead.
The sky beast barely misses you.
You tentacle-slap the sky beast but do no damage.
The sky beast is almost dead.
The sky beast barely misses you.
You tentacle-slap the sky beast. Your squeeze misses the sky beast.
The sky beast is almost dead.
The sky beast flickers out of sight!
Deactivating autopickup; reactivate with Ctrl-A.
Something hits you.
* * * LOW HITPOINT WARNING * * *
Something shocks you.
* * * LOW HITPOINT WARNING * * *
You tentacle-slap something but do no damage.
Something hits you.
You die...

..# #....# #..#
#.##.# #.#
#.####..### #..#
#.##.###.####
....Y...# ###..#
#.##.........
##.###.####....#
#.######.#### #.#
#......#.## #.# #.#
#.. #.....##.# #.#
#.# ###.#.....##.#
#.# #.#
.#.....##.#######.#
#.#
...........{@.....#
#.#
#....>##############
#.# ###.#.# #.#.#


There were no monsters in sight!

Vanquished Creatures
  A scorpion (D:4)
  Robin (D:2)
  2 adders (D:2)
  4 dart slugs
  10 orcs
  4 bats
  9 endoplasms
  2 giant cockroaches (D:1)
  21 goblins
  9 hobgoblins
  5 jackals
  A quokka (D:2)
  9 ball pythons
  2 frilled lizards (D:3)
  6 kobolds
  4 rats
90 creatures vanquished.

Notes
Turn   | Place    | Note
-------+----------+-------------------------------------------
     0 | D:1      | Cheops the Octopode Conjurer began the quest for the Orb.
     0 | D:1      | Reached XP level 1. HP: 11/11 MP: 3/3
   265 | D:1      | Reached XP level 2. HP: 17/17 MP: 0/5
   701 | D:1      | Reached XP level 3. HP: 21/21 MP: 3/7
  1101 | D:1      | Found a faded altar of an unknown god.
  1303 | D:1      | Learned a level 2 spell: Searing Ray
  1307 | D:1      | Learned a level 3 spell: Swiftness
  1588 | D:2      | Noticed Robin
  1606 | D:2      | Reached XP level 4. HP: 21/27 MP: 8/8
  1732 | D:2      | Killed Robin
  1733 | D:2      | Reached skill level 5 in Conjurations
  1855 | D:2      | Reached skill level 1 in Air Magic
  2722 | D:3      | Reached XP level 5. HP: 31/31 MP: 7/9
  3255 | D:3      | Learned a level 4 spell: Iskenderun's Mystic Blast
  3295 | D:4      | Noticed a sky beast
  3329 | D:4      | Found a snail-covered altar of Cheibriados.
  3461 | D:4      | Identified a scroll of acquirement
  3615 | D:4      | Reached skill level 1 in Translocations
  3872 | D:5      | Entered Level 5 of the Dungeon
  3872 | D:5      | Found a staircase to the Ecumenical Temple.
  3912 | D:5      | Found a bloodstained altar of Trog.
  3913 | D:5      | Noticed an ogre
  3957 | D:4      | Slain by a sky beast

Illustrated notes

Levels and vault maps discovered:
D:1:      dpeg_arrival_stonehenge_12_columns, layout_basic,
          ebering_ecumenical_altar_box, chequers_serial_rivers_large_a,
          minmay_parallelograms, minmay_cupped
D:2:      layout_basic, uniq_robin
D:3:      layout_rooms, serial_park_tiny_1, minmay_surrounded
D:4:      layout_basic, mainiacjoe_overflow_six_doors_small,
          biasface_ghost_orc_armoury
D:5:      layout_rooms, trog_antimagical, minmay_temple_entry_mist,
          nicolae_shop_distant_corner_stores, grunt_tough_drop

Skill      XL: |  1  2  3  4  5 |
---------------+----------------+-----
Spellcasting   | 3 |  3.0
Conjurations   | 5 |  5.0
Air Magic      | 2 3 |  3.0
Translocations | 2 |  2.0
Dodging        | |  2.0
Stealth        | |  2.7

Action                     |  1- 3 |  4- 6 || total
---------------------------+-------+-------++-------
  Melee: Unarmed           |    28 |    22 ||    50
         Constrict         |     6 |     5 ||    11
         Tentacles         |     5 |     3 ||     8
         Punch             |     1 |       ||     1
   Cast: Magic Dart        |    68 |    88 ||   156
         Searing Ray       |     1 |     9 ||    10
         Swiftness         |       |     1 ||     1
    Use: Scroll            |       |     6 ||     6
 Armour: Skin              |     4 |     2 ||     6
  Dodge: Dodged            |    20 |    26 ||    46
